 Dungeon Crawl Stone Soup version 0.21.1-1-g345015f (webtiles) character file.

1473 aMcNicky the Basher (level 8, 0/63 HPs)
             Began as a Minotaur Fighter on Mar 3, 2018.
             Was a Believer of Hepliaklqana.
             Slain by an orc warrior
             ... wielding a +2 glaive of chopping
              (7 damage)
             ... on level 7 of the Dungeon.
             The game lasted 00:16:36 (5776 turns).

aMcNicky the Basher (Minotaur Fighter)              Turns: 5776, Time: 00:16:37

Health: 0/63       AC: 16    Str: 27    XL:     8   Next: 49%
Magic:  16/16      EV:  4    Int:  5    God:    Hepliaklqana [**....]
Gold:   371        SH: 17    Dex: 11    Spells: 7/7 levels left

rFire    . . .     SeeInvis .   G - +0 flail (crush)
rCold    . . .     Gourm    .   d - +0 large shield
rNeg     . . .     Faith    .   B - +0 plate armour
rPois    .         Spirit   .   (helmet restricted)
rElec    .         Reflect  .   (no cloak)
rCorr    .         Harm     .   (no gloves)
MR       .....                  z - +2 pair of boots
Stlth    ..........             (no amulet)
HPRegen  0.20/turn              m - ring of flight
MPRegen  0.15/turn              F - ring of magical power

@: mighty
A: retaliatory headbutt, reduced essence, horns 2
a: Recall Ancestor, Ancestor Identity, Renounce Religion, Evoke Flight


You were on level 7 of the Dungeon.
You worshipped Hepliaklqana.
Hepliaklqana was pleased with you.
You were hungry.

You visited 2 branches of the dungeon, and saw 8 of its levels.

You collected 371 gold pieces.

Inventory:

Hand Weapons
 a - a +0 flail
 G - a +0 flail of crushing (weapon)
Armour
 b - a +0 scale mail
 c - a +0 shield
 d - a +0 large shield (worn)
 z - a +2 pair of boots (worn)
 B - a +0 plate armour (worn)
Jewellery
 m - a ring of flight (left hand)
 F - a ring of magical power (right hand)
 H - an uncursed ring of wizardry
Wands
 u - a wand of iceblast (18)
 w - a wand of disintegration (13)
 y - a wand of acid (7)
Scrolls
 e - 2 scrolls of remove curse {unknown}
 g - 4 scrolls of amnesia {unknown}
 i - 2 scrolls of fear {unknown}
 j - a scroll of identify {@r1}
 p - a scroll of immolation {unknown}
 q - a scroll of fog {unknown}
 r - 3 scrolls of enchant armour {unknown}
 s - 6 scrolls of teleportation {unknown}
 t - a scroll of magic mapping {unknown}
 v - 2 scrolls of random uselessness {unknown}
 A - a scroll of enchant weapon {unknown}
Potions
 h - 4 potions of brilliance {unknown}
 k - a potion of haste {unknown}
 l - a potion of ambrosia {unknown}
 n - a potion of agility {unknown}
 o - 3 potions of curing {unknown}
 x - 5 potions of heal wounds {unknown}
 C - a potion of resistance {unknown}
Comestibles
 f - 9 rations


   Skills:
 - Level 6.1 Fighting
 * Level 8.5 Maces & Flails
 - Level 6.1 Armour
 + Level 7.7 Shields


You had 7 spell levels left.
You didn't know any spells.

Dungeon Overview and Level Annotations

Branches:
Dungeon (7/15)             Temple (1/1) D:4

Altars:
Ashenzari
Cheibriados
Dithmenos
Elyvilon
Fedhas
Gozag
Hepliaklqana
Kikubaaqudgha
Makhleb
Nemelex Xobeh
Okawaru
Qazlal
Ru
Sif Muna
Trog
Uskayaw
Vehumet
Wu Jian
Xom
Yredelemnul
Zin
The Shining One

Shops:
D:4 ![


Innate Abilities, Weirdness & Mutations

You reflexively headbutt those who attack you in melee.
You have a pair of horns on your head.
Your life essence is reduced to manifest your ancestor. (-10% HP)


Message History

* * * LOW HITPOINT WARNING * * *
x2 You swap places.
Bleb casts a spell at the orc priest.
The stone arrow hits the orc priest.
The orc priest completely misses Bleb.
The orc priest hits you but does no damage.
The orc warrior hits you but does no damage.
Found 14 gold pieces.
Something hits Bleb.
You feel very mighty all of a sudden.
Something completely misses Bleb.
You block the orc warrior's attack.
The orc priest hits you but does no damage.
You completely miss the orc priest.
The orc priest is heavily wounded.
You block the orc warrior's attack.
The orc priest invokes the aid of Beogh against you.
Beogh smites you!
* * * LOW HITPOINT WARNING * * *
The orc warrior hits you from afar with a glaive of chopping!
You die...

### # ###### #...#
###.)..# #.#.# #......#
#... #######..o#..###.#
#
.......@#o#......####.##
.$.....R..)..........>..
..#.###.#.#!.....#.##..#
# #.#.#............#
#.#.#..###.#.##).#
###.....).........
#.##.##.........
#.##.##.......##
####..<.........


You could see the friendly Bleb the battlemage and an orc warrior.

Vanquished Creatures
  The ghost of erloom the Skirmisher, an amateur MiFi of Okawaru (D:4)
  An ice beast (D:6)
  A sky beast (D:6)
  The ghost of Manta the Sneak, an amateur SpAs (D:3)
  A scorpion (D:4)
  A howler monkey (D:4)
  2 crimson imps
  A centaur zombie (D:4)
  A hound (D:5)
  2 jellies
  A bullfrog skeleton (D:6)
  3 orc wizards
  Terence (D:3)
  2 worker ants
  3 gnolls (D:4)
  6 adders
  A shadow imp (D:6)
  An ooze (D:1)
  3 worms
  2 dart slugs (D:1)
  2 leopard geckos (D:1)
  11 orcs
  7 bats
  8 giant cockroaches
  11 goblins
  9 hobgoblins
  4 jackals (D:2)
  8 kobolds
  A quokka (D:3)
  3 ball pythons
  A ball python skeleton (D:5)
  4 frilled lizards
  11 rats
  A spectral orc (D:6)
116 creatures vanquished.

Vanquished Creatures (collateral kills)
  2 ogres
  A hound (D:4)
  An orc priest (D:7)
  An iguana (D:6)
  A worker ant (D:5)
  A gnoll (D:4)
  2 adders
  A howler monkey skeleton (D:5)
  An adder zombie (D:5)
  A leopard gecko (D:4)
  An orc (D:5)
13 creatures vanquished.

Vanquished Creatures (others)
  An ancestor (D:4)
1 creature vanquished.

Grand Total: 130 creatures vanquished

Notes
Turn   | Place    | Note
-------+----------+-------------------------------------------
     0 | D:1      | aMcNicky the Minotaur Fighter began the quest for the Orb.
     0 | D:1      | Reached XP level 1. HP: 19/19 MP: 0/0
   128 | D:1      | Found a sparkling altar of Nemelex Xobeh.
   219 | D:1      | Reached XP level 2. HP: 27/27 MP: 1/1
   321 | D:1      | Reached skill level 3 in Maces & Flails
   350 | D:1      | Reached XP level 3. HP: 23/33 MP: 2/2
   845 | D:2      | Reached XP level 4. HP: 36/40 MP: 3/3
  1132 | D:2      | Found a faded altar of an unknown god.
  1762 | D:3      | Noticed Terence
  1774 | D:3      | Killed Terence
  1774 | D:3      | Reached XP level 5. HP: 43/47 MP: 4/4
  1870 | D:3      | Noticed Manta's ghost (amateur SpAs)
  1899 | D:3      | Killed Manta's ghost
  1899 | D:3      | Reached skill level 4 in Maces & Flails
  2332 | D:4      | Reached skill level 5 in Fighting
  2332 | D:4      | Reached skill level 5 in Armour
  2332 | D:4      | Reached skill level 5 in Shields
  2474 | D:4      | Reached XP level 6. HP: 45/56 MP: 5/5
  2483 | D:4      | Found a staircase to the Ecumenical Temple.
  2543 | Temple   | Entered the Ecumenical Temple
  2631 | Temple   | Became a worshipper of Hepliaklqana the Forgotten
  2988 | D:4      | Found a shattered altar of Ashenzari.
  3049 | D:4      | Found a hide-covered altar of Uskayaw.
  3049 | D:4      | Found a sacrificial altar of Ru.
  3050 | D:4      | Found a stormy altar of Qazlal.
  3050 | D:4      | Found a snail-covered altar of Cheibriados.
  3050 | D:4      | Found an ornate altar of the Wu Jian Council.
  3051 | D:4      | Found an opulent altar of Gozag.
  3075 | D:4      | Noticed erloom's ghost (amateur MiFi)
  3101 | D:4      | Killed erloom's ghost
  3101 | D:4      | Reached skill level 5 in Maces & Flails
  3101 | D:4      | Reached XP level 7. HP: 29/55 MP: 6/6
  3488 | D:4      | Found Cetithi's Armour Shop.
  3863 | D:4      | Found Saubouf's Distillery.
  3922 | D:5      | Entered Level 5 of the Dungeon
  3979 | D:5      | Reached skill level 6 in Maces & Flails
  4142 | D:5      | Reached * piety under Hepliaklqana
  4728 | D:5      | Reached XP level 8. HP: 55/63 MP: 7/7
  4943 | D:6      | Reached skill level 7 in Maces & Flails
  5227 | D:6      | Reached ** piety under Hepliaklqana
  5228 | D:6      | Remembered your ancestor Bleb as a battlemage
  5239 | D:6      | Reached skill level 8 in Maces & Flails
  5320 | D:6      | Found a basalt altar of Yredelemnul.
  5355 | D:6      | Found an iron altar of Okawaru.
  5776 | D:7      | Slain by an orc warrior

Skill      XL: |  1  2  3  4  5  6  7  8 |
---------------+-------------------------+-----
Fighting       | 4 5 6 |  6.1
Armour         | 4 5 6 |  6.1
Shields        | 4 5 6 7 |  7.7
Maces & Flails | 3 4 5 6 8 |  8.5

Action                   |  1- 3 |  4- 6 |  7- 9 || total
-------------------------+-------+-------+-------++-------
Melee: Flail             |    96 |   160 |   139 ||   395
       Headbutt          |    14 |    28 |    27 ||    69
Invok: Recall Ancestor   |       |       |     1 ||     1
       Ancestor Identity |       |       |     1 ||     1
       Ancestor Life: Ba |       |       |     1 ||     1
  Use: Scroll            |       |       |     4 ||     4
       Potion            |       |       |     2 ||     2
  Eat: Chunk             |       |     7 |     5 ||    12
       Ration            |       |       |     1 ||     1
Armor: Scale mail        |    52 |    64 |    21 ||   137
       Plate armour      |       |       |    34 ||    34
Dodge: Dodged            |    34 |    46 |    19 ||    99
Block: Shield            |    66 |    73 |     3 ||   142
       Large shield      |       |       |    85 ||    85
